 Dungeon Crawl Stone Soup version 0.23.0-3-gf3c87f2 (webtiles) character file.

Game seed: 1635410158368418388

2546 ohad the Martial Artist (level 9, -15/63 HPs)
             Began as an Octopode Transmuter on Feb 20, 2019.
             Was an Initiate of Gozag.
             Demolished by Gastronok (35 damage)
             ... on level 8 of the Dungeon.
             The game lasted 00:22:31 (8684 turns).

ohad the Martial Artist (Octopode Transmuter)       Turns: 8684, Time: 00:22:32

Health: -15/63     AC:  6    Str:  9    XL:     9   Next: 55%
Magic:  10/13      EV: 10    Int: 19    God:    Gozag
Gold:   291        SH:  0    Dex: 12    Spells: 4/14 levels left

rFire    . . .     SeeInvis .     - Unarmed
rCold    + + +     Gourm    .   (shield currently unavailable)
rNeg     . . .     Faith    .   (helmet currently unavailable)
rPois    +         Spirit   .   (no amulet)
rElec    .         Reflect  .   m - ring of protection from fire
rCorr    .         Harm     .   (no ring)
MR       .....                  (no ring)
Stlth    +.........             (no ring)
HPRegen  0.20/turn              (no ring)
MPRegen  0.13/turn              (no ring)
                                (no ring)
                                (no ring)

@: ice-form
A: large, almost no armour, stealthy swim, amphibious, 8 rings, (constrict 8)
a: End Transformation, Potion Petition, Call Merchant, Bribe Branch, Renounce
Religion


You were on level 8 of the Dungeon.
You worshipped Gozag.
Gozag was aware of your devotion.
You were hungry.
You were a creature of crystalline ice.
You visited 2 branches of the dungeon, and saw 9 of its levels.
You also visited: Sewer.

You collected 366 gold pieces.
You paid 75 gold pieces to Gozag.

Inventory:

Hand Weapons
 b - a +5 whip
 l - a +0 blowgun
 q - a +0 dagger of venom (melded)
 r - a +3 dagger of venom
 u - the +9 rapier of Sogoulikk {antimagic, +Blink rC+ Int+3 Dex+5}
   (You found it in a sewer)

   It reduces the magical energy of the wielder, and disrupts the spells and
   magical abilities of those hit.
   Natural abilities and divine invocations are not affected.
   It affects your intelligence (+3).
   It affects your dexterity (+5).
   It protects you from cold.
   It lets you blink.
 y - a cursed -3 whip
Missiles
 a - 107 arrows
 s - 20 poisoned needles
 D - 2 throwing nets (quivered)
Jewellery
 m - a ring of protection from fire (left front paw)
Wands
 v - a wand of scattershot (5)
 A - a wand of flame (42)
 F - a wand of disintegration (11)
 J - a wand of iceblast (7)
Scrolls
 g - 5 scrolls of remove curse
 h - 5 scrolls of teleportation
 o - 2 scrolls of enchant armour {unknown}
 p - a scroll of magic mapping
 x - 2 scrolls of fog {unknown}
 C - a scroll of blinking
 H - 2 scrolls of fear {unknown}
 I - 2 scrolls of enchant weapon {unknown}
Potions
 d - 6 potions of curing
 e - 3 potions of agility {unknown}
 f - a potion of heal wounds
 i - 3 potions of lignification {unknown}
 j - a potion of mutation {unknown}
 k - 5 potions of brilliance
 n - 4 potions of flight {unknown}
 t - 3 potions of might {unknown}
 w - 2 potions of ambrosia {unknown}
 z - a potion of magic {unknown}
 B - 2 potions of resistance {unknown}
 G - a potion of cancellation {unknown}
Comestibles
 c - 13 rations


   Skills:
 - Level 1.0 Fighting
 - Level 2.0 Dodging
 + Level 9.4 Unarmed Combat
 - Level 3.3 Spellcasting
 - Level 8.4 Transmutations
 - Level 2.0 Ice Magic


You had 4 spell levels left.
You knew the following spells:

 Your Spells              Type           Power        Failure   Level  Hunger
a - Beastly Appendage     Tmut           #####.       1%          1    None
b - Sticks to Snakes      Tmut           #####...     1%          2    ##.....
c - Spider Form           Tmut/Pois      ###.......   8%          3    ###....
d - Ice Form              Ice/Tmut       ###.....     17%         4    ####...

Your spell library contained the following spells:

 Spells                   Type           Power        Failure   Level  Hunger
 Magic Dart               Conj           #...         16%         1    None
 Blink                    Tloc           N/A          22%         2    ##.....
 Call Imp                 Summ           #.......     22%         2    ##.....
 Slow                     Hex            #.......     22%         2    ##.....
 Conjure Flame            Conj/Fire      #.......     41%         3    ###....
 Mephitic Cloud           Conj/Pois/Air  #.......     41%         3    ###....
 Blade Hands              Tmut           #####.....   13%         5    ######.


Dungeon Overview and Level Annotations

Branches:
Dungeon (8/15)             Temple (1/1) D:6
   Lair: D:8-11

Altars:
Ashenzari
Cheibriados
Dithmenos
Elyvilon
Gozag
Hepliaklqana
Nemelex Xobeh
Ru
Uskayaw
Vehumet
Wu Jian
Xom
Zin
The Shining One

Annotations:
D:8 Gastronok


Innate Abilities, Weirdness & Mutations

You cannot wear most types of armour.
You are very stealthy in the water. (Stealth+)
You are amphibious.
You can wear up to eight rings at the same time.
((You can use your tentacles to constrict eight enemies at once.))
((Your skin changes colour to match your surroundings (Stealth+).))
((Your rubbery body absorbs attacks. (AC +1, EV +1)))


Message History

Your +0 dagger of venom stops dripping with poison.
You punch Gastronok! You freeze Gastronok.
Gastronok is lightly wounded.
Gastronok waves his eye-stalks in wide circles.
The air twists around and strikes you!
You punch Gastronok! You freeze Gastronok!
Gastronok is moderately wounded.
You hit Gastronok but do no damage.
Gastronok is moderately wounded.
You punch Gastronok! You freeze Gastronok.
Gastronok is moderately wounded.
Gastronok bites you!!
You punch Gastronok! You freeze Gastronok!
Gastronok is heavily wounded.
You hit Gastronok. You freeze Gastronok.
Gastronok is heavily wounded.
Gastronok bites you!!
Ouch! That really hurt!
You die...
Your body crumbles into a pile of gold.

#...#<....##.#
##........##.#
.....#...##.#
#........##.#
#+###.#Z#......#
........#...####
........#.[.##
......w.#....#
#Y##.### #.##.#
#..#.# ##.#.#
###'#'#######
#...........#
#...........#
#...(.......#
#...........#


You could see Gastronok and a bullfrog zombie.

Vanquished Creatures
  3 phantoms
  An ice beast (D:5)
  A sky beast (D:5)
  4 ogres
  A centaur (D:6)
  3 big kobolds (Sewer)
  2 bullfrogs (D:7)
  A gnoll sergeant (D:5)
  3 scorpions
  A howler monkey (D:6)
  3 crimson imps
  A centaur zombie (D:5)
  An orc priest (D:6)
  2 bullfrog skeletons
  4 hounds
  2 centaur skeletons
  A jelly (D:7)
  Crazy Yiuf (D:2)
  4 worker ants
  6 orc wizards
  A hound skeleton (D:5)
  7 gnolls
  10 adders
  2 shadow imps (D:5)
  2 oozes
  An adder skeleton (D:6)
  An adder zombie (D:7)
  A worm (D:4)
  4 dart slugs
  5 leopard geckos
  17 orcs
  12 giant cockroaches
  4 hobgoblins
  11 jackals
  13 kobolds
  6 quokkas
  4 ball pythons
  9 bats
  12 frilled lizards
  8 goblins
  2 quokka skeletons
  6 rats
183 creatures vanquished.

Vanquished Creatures (collateral kills)
  A scorpion (D:5)
  A hound (D:4)
  2 kobolds (Sewer)
  A quokka zombie (D:5)
5 creatures vanquished.

Grand Total: 188 creatures vanquished

Notes
Turn   | Place    | Note
-------+----------+-------------------------------------------
     0 | D:1      | ohad the Octopode Transmuter began the quest for the Orb.
     0 | D:1      | Reached XP level 1. HP: 13/13 MP: 3/3
    64 | D:1      | Reached XP level 2. HP: 11/18 MP: 5/5
   490 | D:1      | Reached XP level 3. HP: 20/23 MP: 4/6
   494 | D:1      | Learned a level 2 spell: Sticks to Snakes
   498 | D:1      | Learned a level 3 spell: Spider Form
  1271 | D:2      | Found a runed translucent door.
  1273 | D:2      | Noticed Crazy Yiuf
  1285 | D:2      | Killed Crazy Yiuf
  1285 | D:2      | Reached XP level 4. HP: 28/28 MP: 4/7
  1906 | D:3      | Found a white marble altar of Elyvilon.
  2025 | D:3      | Found a hazy altar of Hepliaklqana.
  2081 | D:3      | Reached skill level 5 in Transmutations
  2103 | D:3      | Reached XP level 5. HP: 33/33 MP: 8/8
  2342 | D:3      | Found an ornate altar of the Wu Jian Council.
  2344 | D:3      | Found a shimmering altar of Xom.
  2684 | D:3      | Found a shattered altar of Ashenzari.
  2687 | D:3      | Found a shadowy altar of Dithmenos.
  3055 | D:4      | Found a glowing drain.
  3074 | Sewer    | Entered a sewer
  3142 | Sewer    | Reached XP level 6. HP: 29/38 MP: 9/9
  3378 | Sewer    | Got a crystal rapier
  3386 | Sewer    | Identified the +9 rapier of Sogoulikk {antimagic, +Blink
                  | rC+ Int+3 Dex+5} (You found it in a sewer)
  3774 | D:4      | Reached XP level 7. HP: 21/43 MP: 10/10
  4412 | D:4      | Learned a level 4 spell: Ice Form
  5334 | D:4      | Reached XP level 8. HP: 28/48 MP: 6/12
  5705 | D:5      | Entered Level 5 of the Dungeon
  5736 | D:5      | Reached skill level 4 in Unarmed Combat
  5981 | D:5      | Reached skill level 5 in Unarmed Combat
  6188 | D:5      | Reached skill level 6 in Unarmed Combat
  6581 | D:5      | Reached skill level 7 in Unarmed Combat
  6588 | D:5      | Reached XP level 9. HP: 53/53 MP: 9/13
  7255 | D:6      | Reached skill level 8 in Unarmed Combat
  7529 | D:6      | Found a glowing golden altar of the Shining One.
  7660 | D:6      | Found a staircase to the Ecumenical Temple.
  7669 | Temple   | Entered the Ecumenical Temple
  7691 | Temple   | Became a worshipper of Gozag Ym Sagoz the Greedy
  8026 | D:7      | Reached skill level 9 in Unarmed Combat
  8668 | D:8      | Noticed Gastronok
  8684 | D:8      | Demolished by Gastronok

Skill      XL: |  1  2  3  4  5  6  7  8  9 |
---------------+----------------------------+-----
Transmutations | 3 4 5 6 7 8 |  8.4
Ice Magic      | 2 |  2.0
Spellcasting   | 3 |  3.3
Unarmed Combat | 7 9 |  9.4
Fighting       | |  1.0
Dodging        | |  2.0

Action                   |  1- 3 |  4- 6 |  7- 9 || total
-------------------------+-------+-------+-------++-------
Melee: Unarmed           |    56 |    67 |   268 ||   391
       Constrict         |    16 |    24 |    17 ||    57
       Tentacles         |    10 |    17 |    15 ||    42
       Kick              |     8 |     7 |     7 ||    22
       Punch             |     1 |     1 |     2 ||     4
       Dagger            |       |    74 |    62 ||   136
       Rapier            |       |       |    11 ||    11
 Cast: Beastly Appendage |    16 |    13 |     7 ||    36
       Spider Form       |     1 |     5 |     4 ||    10
       Sticks to Snakes  |       |     4 |     4 ||     8
       Ice Form          |       |       |    22 ||    22
 Abil: End Transformatio |       |       |     1 ||     1
  Use: Scroll            |       |     6 |     5 ||    11
       Potion            |       |     1 |     5 ||     6
 Stab: Sleeping          |     9 |     7 |     4 ||    20
  Eat: Chunk             |     1 |     9 |    18 ||    28
       Ration            |       |       |     1 ||     1
Armor: Skin              |     8 |    11 |    73 ||    92
Dodge: Dodged            |    40 |   132 |   174 ||   346
